 Dungeon Crawl Stone Soup version 0.27.1-34-g3ba077fa99 (webtiles) character file.

Game seed: 1325079079756003525

256 Ijustatesigmund the Cudgeller (level 6, -4/40 HPs)
             Began as a Gargoyle Fighter on Feb 3, 2022.
             Slain by an ogre (15 damage)
             ... on level 5 of the Dungeon.
             The game lasted 00:04:44 (3052 turns).

Ijustatesigmund the Cudgeller (Gargoyle Fighter)    Turns: 3052, Time: 00:04:45

Health: -4/40      AC: 13    Str: 20    XL:     6   Next: 16%
Magic:  6/6        EV:  5    Int: 10    God:
Gold:   56         SH: 10    Dex:  9    Spells: 5/5 levels left

rFire    . . .     SeeInvis .   a - +0 flail
rCold    . . .     Faith    .   c - +1 kite shield
rNeg     + . .     Spirit   .   b - +0 chain mail
rPois    ∞         Reflect  .   (no helmet)
rElec    +         Harm     .   (no cloak)
rCorr    .         Rampage  .   (no gloves)
Will     .....                  (no boots)
Stlth    ..........             (no amulet)
HPRegen  0.13/turn              (no ring)
MPRegen  0.10/turn              (no ring)

@: no status effects
A: sickness immunity, AC +4, negative energy resistance 1, electricity
resistance, torment resistance 1, petrification resistance
a: no special abilities


You were on level 5 of the Dungeon.
You visited 1 branch of the dungeon, and saw 5 of its levels.

You collected 56 gold pieces.

Inventory:

Hand Weapons
 a - a +0 flail (weapon)
Armour
 b - a +0 chain mail (worn)
 c - a +1 kite shield (worn)
Wands
 k - a wand of paralysis (6)
Scrolls
 h - a scroll of fog
 i - 2 scrolls of identify


   Skills:
 + Level 4.9 Fighting
 * Level 5.2 Maces & Flails
 - Level 3.2 Armour
 - Level 3.2 Shields


You had 5 spell levels left.
You didn't know any spells.
Your spell library was empty.

Dungeon Overview and Level Annotations

Branches:
Dungeon (5/15)
 Temple: D:4-7

Altars:

Annotations:
D:3 Sigmund


Innate Abilities, Weirdness & Mutations

You are immune to sickness and miasma.
Your stone body is resilient. (AC +4)
You are immune to poison.
You resist negative energy. (rN+)
You are resistant to electric shocks. (rElec)
You are resistant to unholy torment.
You are immune to petrification.


Message History

An adder comes into view.
The adder hisses angrily.
You hear a shout! x2
A kobold comes into view. It is wielding a +0 dagger.
The kobold shouts!
You hear a shout! x2
A gnoll comes into view. It is wielding a +0 battleaxe.
You block the gnoll's attack.
You hit the gnoll.
The gnoll is lightly wounded.
You block the gnoll's attack.
You hit the gnoll.
The gnoll is moderately wounded.
You block the gnoll's attack. You block the gnoll sergeant's attack.
The gnoll hits you but does no damage.
A gnoll comes into view. It is wielding a +0 halberd.
The adder barely misses you. You block the gnoll's attack.
The gnoll sergeant hits you from afar with a +2 spear of venom.
You block the gnoll's attack.
The gnoll hits you from afar with a +0 halberd.
You block the adder's attack. The gnoll barely misses you. The adder bites you.
The gnoll barely misses you. You block the gnoll sergeant's attack.
You block the gnoll's attack. The adder barely misses you.
There is an open door here.
You see here a dart slug corpse.
The adder bites you but does no damage.
There is an escape hatch in the floor here.
The adder barely misses you.
The gnoll sergeant hits you from afar with a +2 spear of venom.
You block the adder's attack.
You slide downwards.
The hatch slams shut behind you.
The ogre shouts!
The centaur shouts!
The centaur wields a +0 shortbow.
The centaur shoots an arrow.
The arrow hits you.
Found a book of Blood.
Found a stone staircase leading down.
As you read the scroll of fog, it crumbles to dust.
The scroll dissolves into smoke.
The centaur shoots an arrow.
The arrow hits you!
* * * LOW HITPOINT WARNING * * *
The ogre hits you with a +0 giant club!
You die...

#.... #..#.
## . #....
..#.> ###....
..... #......
..c...
.....##......
#.S§§....:.
#.§@O......
###§§....##
#......#
#......#
##.......
.....#♣
....## .....


You could see an ogre, a centaur and an adder.

Vanquished Creatures
  A scorpion (D:4)
  6 gnolls
  5 adders
  An adder skeleton (D:4)
  3 dart slugs
  9 orcs
  2 endoplasms
  5 giant cockroaches
  10 goblins
  3 hobgoblins
  4 quokkas
  6 ball pythons
  8 bats
  4 frilled lizards
  4 kobolds
  7 rats
78 creatures vanquished.

Notes
Turn   | Place    | Note
-------+----------+-------------------------------------------
     0 | D:1      | Ijustatesigmund the Gargoyle Fighter began the quest for
                  | the Orb.
     0 | D:1      | Reached XP level 1. HP: 14/14 MP: 1/1
   187 | D:1      | Reached XP level 2. HP: 19/19 MP: 2/2
   626 | D:1      | Reached skill level 3 in Maces & Flails
   626 | D:1      | Reached XP level 3. HP: 22/24 MP: 3/3
  1084 | D:2      | Reached XP level 4. HP: 29/29 MP: 4/4
  1143 | D:2      | Reached skill level 4 in Maces & Flails
  1421 | D:2      | Found a faded altar of an unknown god.
  1929 | D:3      | Reached XP level 5. HP: 34/34 MP: 5/5
  2080 | D:3      | Noticed Sigmund
  2654 | D:4      | Reached skill level 5 in Maces & Flails
  2654 | D:4      | Reached XP level 6. HP: 20/40 MP: 6/6
  2714 | D:5      | Entered Level 5 of the Dungeon
  3052 | D:5      | Slain by an ogre

Illustrated notes

Levels and vault maps discovered:
D:1:      dpeg_arrival_oval, layout_basic
D:2:      layout_loops_ring, shapermc_ecumenical_altar_pompeii, minmay_domino_2
D:3:      layout_loops_ring, uniq_sigmund
D:4:      layout_basic, elyvilon_altar_3
D:5:      layout_cave_pools, gammafunk_ghost_split, minmay_tree_intersection,
          dk_vineyard_1, uniq_blork_the_orc, uniq_crazy_yiuf_cottage

Skill      XL: |  1  2  3  4  5 |
---------------+----------------+-----
Maces & Flails | 3 4 5 |  5.2
Fighting       | 4 |  4.9
Armour         | |  3.2
Shields        | |  3.2

Action                   |  1- 3 |  4- 6 || total
-------------------------+-------+-------++-------
Melee: Flail             |   119 |   218 ||   337
  Use: Potion            |       |     6 ||     6
       Scroll            |       |     7 ||     7
Armor: Scale mail        |    44 |       ||    44
       Chain mail        |    21 |   154 ||   175
Dodge: Dodged            |    35 |    60 ||    95
Block: Kite shield       |    73 |   121 ||   194
